 Dungeon Crawl Stone Soup version 0.27-a0-1272-g7c8ad2e407 (webtiles) character file.

Game seed: 7606982210537546612

98 Conn the Firebug (level 4, -1/27 HPs)
             Began as an Octopode Fire Elementalist on June 11, 2021.
             Slain by an iron imp (12 damage)
             ... summoned by Natasha
             ... on level 2 of the Dungeon.
             The game lasted 00:02:25 (2057 turns).

Conn the Firebug (Octopode Fire Elementalist)       Turns: 2057, Time: 00:02:25

Health: -1/27      AC:  1    Str:  7    XL:     4   Next: 71%
Magic:  4/8        EV: 13    Int: 18    God:
Gold:   59         SH:  0    Dex: 12    Spells: 4/8 levels left

rFire    . . .     SeeInvis .   a - +2 dagger (holy)
rCold    . . .     Faith    .   (no shield)
rNeg     . . .     Spirit   .   (helmet restricted)
rPois    .         Reflect  .   (no amulet)
rElec    .         Harm     .   (no ring)
rCorr    .         Rampage  .   (no ring)
Will     .....                  (no ring)
Stlth    +++.......             (no ring)
HPRegen  0.09/turn              (no ring)
MPRegen  0.11/turn              (no ring)
                                (no ring)
                                (no ring)

@: no status effects
A: almost no armour, amphibious, 8 rings, camouflage 1, gelatinous body 1,
(nimble swimmer 1), tentacles
a: no special abilities


You were on level 2 of the Dungeon.
You visited 1 branch of the dungeon, and saw 2 of its levels.

You collected 59 gold pieces.

Inventory:

Hand Weapons
 a - a +2 dagger of holy wrath (weapon)
 f - a +2 hand axe of flaming
Missiles
 h - 2 throwing nets
Scrolls
 b - 3 scrolls of teleportation {unknown}
 d - 2 scrolls of fog {unknown}
 e - a scroll of enchant armour {unknown}
 g - a scroll of enchant weapon {unknown}
 j - a scroll of amnesia {unknown}
Potions
 c - a potion of mutation {unknown}
 i - a potion of magic {unknown}
 k - a potion of flight {unknown}


   Skills:
 + Level 0.1 Fighting
 + Level 2.3 Dodging
 + Level 3.3 Stealth
 + Level 2.9 Spellcasting
 + Level 2.1 Conjurations
 + Level 3.8 Fire Magic


You had 4 spell levels left.
You knew the following spells:

 Your Spells              Type           Power      Damage    Failure   Level
a - Foxfire               Conj/Fire      52%        2x1d6     4%          1
b - Conjure Flame         Conj/Fire      13%        6-21      14%         3

Your spell library contained the following spells:

 Spells                   Type           Power      Damage    Failure   Level
 Inner Flame              Hex/Fire       9%         N/A       22%         3
 Sticky Flame             Conj/Fire      13%        2d4       43%         4
 Fireball                 Conj/Fire      6%         3d5       80%         5


Dungeon Overview and Level Annotations

Branches:
Dungeon (2/15)

Altars:

Annotations:
D:2 Natasha


Innate Abilities, Weirdness & Mutations

You cannot wear most types of armour.
You are amphibious.
You can wear up to eight rings at the same time.
Your skin changes colour to match your surroundings (Stealth+).
Your rubbery body absorbs attacks. (AC +1, EV +1)
((You are camouflaged near water. (Stealth+)))
You have tentacles for arms and can constrict up to eight enemies at once.


Message History

The helpless bat fails to defend itself.
You puncture the bat!
You kill the bat!
You see here a bat corpse.
You open the door.
There is an open door here.
You see here a +0 mace.
You see here a +0 short sword.
There is an open door here.
Natasha, Servant of Life and Death comes into view.
Found a faded altar of an unknown god.
Natasha is nearby!
Casting: Foxfire (safe; 4% risk of failure)
Confirm with . or Enter, or press ? or * to list all spells.
You conjure some foxfire!
Natasha hisses angrily.
The foxfire hits Natasha but does no damage.
The foxfire hits Natasha.
Natasha is moderately wounded.
Casting: Foxfire (safe; 4% risk of failure)
Confirm with . or Enter, or press ? or * to list all spells.
You conjure some foxfire!
Natasha casts a spell.
The foxfire hits the iron imp but does no damage.
The foxfire hits the iron imp.
The iron imp completely resists.
Casting: Foxfire (safe; 4% risk of failure)
Confirm with . or Enter, or press ? or * to list all spells.
You conjure some foxfire!
The foxfire hits the iron imp.
The iron imp completely resists.
The foxfire hits Natasha.
Natasha is heavily wounded.
You closely miss Natasha. You grab Natasha.
Natasha is heavily wounded.
You constrict Natasha. Natasha claws you!
The iron imp hits you but does no damage.
Casting: Foxfire (safe; 4% risk of failure)
Confirm with . or Enter, or press ? or * to list all spells.
You conjure some foxfire!
You constrict Natasha, but do no damage.
Natasha claws you! The iron imp hits you!
You die...

<.....#.##...#######
...##...##.........#
.........#..##.##..#
.#+###.#.##.#...#.##
.............._...#
............#...#.##
............##.##..#
..<...#........hv.##
...............5@..#
......#........v.###
..........########
...........
.......#..##
'#.....##..#######
.#.#....†.........
.#.#.##.#†.######
.#.#.##.##.#


You could see an iron imp (summoned, ally target) and Natasha (ally target).

Vanquished Creatures
  Natasha (twice) (D:2)
  An adder (D:2)
  A dart slug (D:2)
  An endoplasm (D:1)
  2 giant cockroaches (D:1)
  2 goblins (D:1)
  6 hobgoblins
  2 quokkas
  5 ball pythons (D:1)
  8 bats
  4 frilled lizards
  A kobold (D:1)
  5 rats
40 creatures vanquished.

Vanquished Creatures (others)
  115 foxfires
  4 plants (D:1)
119 creatures vanquished.

Grand Total: 159 creatures vanquished

Notes
Turn   | Place    | Note
-------+----------+-------------------------------------------
     0 | D:1      | Conn the Octopode Fire Elementalist began the quest for the
                  | Orb.
     0 | D:1      | Reached XP level 1. HP: 11/11 MP: 3/3
   132 | D:1      | Reached XP level 2. HP: 17/17 MP: 0/5
   921 | D:1      | Reached XP level 3. HP: 21/21 MP: 3/6
  1389 | D:1      | Learned a level 3 spell: Conjure Flame
  1574 | D:2      | Noticed Natasha
  1583 | D:2      | Killed Natasha
  1584 | D:2      | Reached XP level 4. HP: 27/27 MP: 2/8
  1769 | D:2      | Noticed Natasha
  1779 | D:2      | Killed Natasha
  2027 | D:2      | Noticed Natasha
  2031 | D:2      | Found a faded altar of an unknown god.
  2057 | D:2      | Slain by an iron imp

Illustrated notes

Levels and vault maps discovered:
D:1:      saegor_arrival_simple_c, layout_basic, chequers_big_river,
          minmay_indecisive_spiral
D:2:      layout_basic, ebering_ecumenical_altar_box, roderic_serpentine_path,
          grunt_decor_mini_mirrors, mrwooster_statue_mirror, uniq_natasha

Skill      XL: |  1  2  3  4 |
---------------+-------------+-----
Stealth        | 3 |  3.3
Conjurations   | 2 |  2.1
Fighting       | |  0.1
Dodging        | |  2.3
Spellcasting   | |  2.9
Fire Magic     | |  3.8

Action                   |  1- 3 |  4- 6 || total
-------------------------+-------+-------++-------
Melee: Dagger            |     4 |    12 ||    16
       Constrict         |     2 |     3 ||     5
       Tentacles         |     1 |     2 ||     3
 Cast: Foxfire           |    62 |    11 ||    73
 Stab: Sleeping          |       |     2 ||     2
       Distracted        |       |     1 ||     1
Armor: Skin              |     3 |     1 ||     4
Dodge: Dodged            |    11 |    10 ||    21

Table legend: (Time is in decaauts)
 A = Elapsed time spent in this place.
 B = Non-inter-level travel time spent in this place.
 C = Inter-level travel time spent in this place.
 D = Time resting spent in this place.
 E = Time spent auto-exploring this place.
 F = Levels seen in this place.
 G = Mean time per level.
                   A        B        C        D        E       F      G
               +--------+--------+--------+--------+--------+-----+--------+
         Total |   2065 |   2048 |     17 |      0 |   1664 |   2 | 1032.5 |
       Dungeon |   2065 |   2048 |     17 |      0 |   1664 |   2 | 1032.5 |
               +--------+--------+--------+--------+--------+-----+--------+

Top non-repeatable levels by time:
     D:1: 1405 daAuts
     D:2: 659 daAuts
